Map: Eternal Empire LE

Players

antagomiR - Winner!

  • Race: Protoss Protoss
  • League: Gold
  • Spawn Location: 7:00

VOD

Have the link to the VOD?

Description

Time

  • Played on: March 31, 2020, 12:39 p.m.
  • Length: 4:39
Show
View Real Time Build Order
Export as new Build Order

antagomiR Protoss - Winner!

Build Orders:  

Get SALT Encoding   

  12  0:07  Probe  
  12  0:22  Probe  
  12  0:35  Probe  
  12  0:38  Pylon  
  12  1:04  Gateway  
  12  1:09  Forge  
  12  1:33  Nexus  
  12  1:45  Probe (Chrono Boost)  
  12  1:54  Probe (Chrono Boost)  
  12  1:59  Probe (Chrono Boost)  
  12  2:51  Zealot (Chrono Boost)  
  12  2:56  Probe  
  12  2:59  Probe  
  12  3:08  Probe  
  12  3:10  Assimilator  
  12  3:11  Probe  
  12  3:13  Pylon, Assimilator  
  12  3:20  Probe  
  12  3:23  Probe  
  12  3:32  Probe  
  12  3:35  Probe  
  12  3:44  Probe  
  12  3:48  Probe  
Tags
 
League
Gold
Replay Pack
20200422
Add a new tag
Caveats
  • Supply blocks, unpowered buildings, or Contaminate may cause inaccurate times.
  • Supply counts are checked every 10 seconds.